 Dungeon Crawl Stone Soup version 0.28.0-43-g3370ac3207 (webtiles) character file.

Game seed: 12990596471724544939

35 Jerry the Chucker (level 3, 35/35 HPs)
             Began as a Troll Hunter on Mar 9, 2022.
             Was a Follower of Dithmenos.
             Quit the game on level 2 of the Dungeon.
             The game lasted 00:01:54 (1098 turns).

Jerry the Chucker (Troll Hunter)                    Turns: 1098, Time: 00:01:55

Health: 35/35      AC:  4    Str: 20    XL:     3   Next: 17%
Magic:  2/2        EV: 10    Int:  7    God:    Dithmenos [*.....]
Gold:   54         SH:  0    Dex: 12    Spells: 2/2 levels left

rFire   . . .      SeeInvis .   a - +0 short sword
rCold   . . .      Faith    .   (no shield)
rNeg    . . .      Spirit   .   b - +0 robe
rPois   .          Reflect  .   (helmet restricted)
rElec   .          Harm     .   (no cloak)
rCorr   .          Rampage  .   (gloves unavailable)
Will    .....                   (boots unavailable)
Stlth   +.........              (no amulet)
HPRegen 0.91/turn               (no ring)
MPRegen 0.08/turn               (no ring)

@: wreathed by umbra
A: large, unfitting armour, claws 3, regeneration 1, shaggy fur 1, tough skin 1
a: Renounce Religion


You were on level 2 of the Dungeon.
You worshipped Dithmenos.
Dithmenos was aware of your devotion.
You visited 1 branch of the dungeon, and saw 2 of its levels.

You collected 54 gold pieces.

Inventory:

Hand Weapons
 a - a +0 short sword (weapon)
Missiles
 c - 5 large rocks (quivered)
 d - 2 throwing nets
Armour
 b - a +0 robe (worn)
Jewellery
 h - a ring of magical power
Scrolls
 e - 5 scrolls of identify {unknown}
 f - 2 scrolls of fog {unknown}
 i - a scroll of magic mapping {unknown}
 j - a scroll of fear {unknown}
 m - a scroll of immolation {unknown}
Potions
 g - a potion of ambrosia {unknown}
 k - a potion of degeneration {unknown}
 l - 2 potions of might {unknown}


   Skills:
 + Level 2.1 Fighting
 + Level 4.0 Throwing
 + Level 2.1 Dodging
 - Level 0.3 Stealth


You had 2 spell levels left.
You didn't know any spells.
Your spell library contained the following spells:

 Spells                   Type           Power      Damage    Failure   Level
 Summon Small Mammal      Summ           0%         N/A       43%         1
 Call Canine Familiar     Summ           0%         N/A       80%         3
 Summon Guardian Golem    Hex/Summ       0%         N/A       80%         3


Dungeon Overview and Level Annotations

Branches:
Dungeon (2/15)

Altars:
Dithmenos


Innate Abilities, Weirdness & Mutations

You are too large for most types of armour.
You have claws for hands.
Your natural rate of healing is unusually fast.
You are covered in fur. (AC +1)
You have tough skin. (AC +1)


Message History

Key pressed, stopping explore.
No target in view!
No target in view!
A ball python comes into view.
A ball python is nearby!
The helpless ball python fails to defend itself.
You hit the ball python.
You kill the ball python!
You see here a +3 leather armour of poison resistance.
A ball python comes into view.
A ball python is nearby!
The ball python hisses angrily.
A ball python is nearby!
The ball python bites you but does no damage.
A ball python is nearby!
You barely miss the ball python.
The ball python bites you but does no damage.
A ball python is nearby!
You closely miss the ball python.
The ball python bites you but does no damage.
A ball python is nearby!
You hit the ball python.
You kill the ball python!
Found a faded altar of an unknown god.
No target in view!
Key pressed, stopping explore.
No target in view!
No target in view!
You open the door.
There is an open door here.
m - a scroll labelled OGOXOU YMELL No target in view!
No target in view!
There is an open door here.
There is a faded altar of an unknown god here.
You cannot tell which god this altar belongs to.
Convert to them anyway?
Dithmenos accepts your prayer! Dithmenos welcomes you!
You are shrouded in an aura of darkness!
Are you sure you want to abandon this character and quit the game? (Confirm with "yes".)

..............#...P#..####.#.#..#
##...#........##..8#..♣#.....#..#
..............#...#...###.#.#..#
.............#####.......#.#..#
...........######.......#.#..#
#...#..8##..#.#..#
##.8.#..♣###.#....#
#....#..##.......##
#⌠@.....#.##.#.###
#.P.P#..#.##.#.####
##...#..#..........
#...#.##.####.####
#####.#.......# #####..####.#
#...........# #...........#
#......####.#


There were no monsters in sight!

Vanquished Creatures
  A dart slug (D:1)
  A bat (D:2)
  6 endoplasms
  5 goblins
  2 hobgoblins (D:2)
  2 kobolds
  9 ball pythons
  A frilled lizard (D:2)
  A quokka skeleton (D:2)
  3 rats (D:1)
31 creatures vanquished.

Vanquished Creatures (others)
  5 plants (D:2)
5 creatures vanquished.

Grand Total: 36 creatures vanquished

Notes
Turn   | Place    | Note
-------+----------+-------------------------------------------
     0 | D:1      | Jerry the Troll Hunter began the quest for the Orb.
     0 | D:1      | Reached XP level 1. HP: 19/19 MP: 0/0
   263 | D:1      | Reached XP level 2. HP: 28/28 MP: 1/1
   799 | D:2      | Reached skill level 4 in Throwing
   852 | D:2      | Reached XP level 3. HP: 33/35 MP: 2/2
  1058 | D:2      | Found a faded altar of an unknown god.
  1097 | D:2      | Prayed at the altar of an unknown god.
  1097 | D:2      | Became a worshipper of Dithmenos the Shadowed
  1097 | D:2      | Reached * piety under Dithmenos
  1098 | D:2      | Quit the game

Illustrated notes

Levels and vault maps discovered:
D:1:      amcnicky_arrival_underground_garden, layout_basic, serial_park_tiny_2,
          minmay_domino_2
D:2:      layout_basic, chequers_ecumenical_altar_lobes, hangedman_decor_push

Skill      XL: |  1  2 |
---------------+-------+-----
Fighting       | 2 |  2.1
Dodging        | 2 |  2.1
Throwing       | 4 |  4.0
Stealth        | |  0.3

Action                   || total
-------------------------++-------
Melee: Short sword       ||    79
       Punch             ||     2
 Stab: Sleeping          ||     1
Armor: Robe              ||    26
Dodge: Dodged            ||    41
